 Dungeon Crawl Stone Soup version 0.29-a0-283-ga02f740833 (webtiles) character file.

Game seed: 13644628901627989761

1081 sammy202020 the Ruffian (level 8, -1/79 HPs)
             Began as a Troll Fighter on Mar 14, 2022.
             Was a Follower of Okawaru.
             Slain by an orc
             ... wielding a +0 trident
              (7 damage)
             ... on level 5 of the Dungeon.
             The game lasted 00:08:58 (3420 turns).

sammy202020 the Ruffian (Troll Fighter)             Turns: 3420, Time: 00:08:59

Health: -1/79      AC:  5    Str: 25    XL:     8   Next: 8%
Magic:  5/7        EV: 11    Int:  6    God:    Okawaru [*.....]
Gold:   203        SH:  9    Dex:  9    Spells: 7/7 levels left

rFire   . . .      SeeInvis .     - Unarmed
rCold   . . .      Faith    .   b - +0 kite shield
rNeg    . . .      Spirit   .   a - +0 robe
rPois   .          Reflect  .   (helmet restricted)
rElec   .          Harm     .   y - +0 cloak
rCorr   .          Rampage  .   (gloves unavailable)
Will    .....                   (boots unavailable)
Stlth   +++.......              (no amulet)
HPRegen 1.03/turn               (no ring)
MPRegen 0.10/turn               (no ring)

@: mighty, heroic, marked
A: large, unfitting armour, claws 3, regeneration 1, shaggy fur 1, tough skin 1
a: Renounce Religion, Heroism


You were on level 5 of the Dungeon.
You worshipped Okawaru.
Okawaru was aware of your devotion.
You visited 1 branch of the dungeon, and saw 5 of its levels.
You also visited: Sewer.

You collected 248 gold pieces.
You spent 45 gold pieces at shops.

Inventory:

Hand Weapons
 i - a +1 vorpal mace
 C - a +3 war axe of freezing
 D - a +0 morningstar
Missiles
 g - a throwing net
 o - 8 poisoned darts (quivered)
 s - 6 javelins
Armour
 a - a +0 robe (worn)
 b - a +0 kite shield (worn)
 y - a +0 cloak (worn)
Wands
 v - a wand of acid (4)
 B - a wand of flame (11)
Scrolls
 d - a scroll of noise {unknown}
 h - a scroll of blinking {unknown}
 j - 4 scrolls of fog
 m - a scroll of enchant weapon
 q - 2 scrolls of teleportation
 u - a scroll of summoning
 w - a scroll of fear
 A - a scroll of vulnerability {unknown}
Potions
 c - a potion of might
 e - a potion of cancellation {unknown}
 f - 4 potions of lignification
 k - 3 potions of curing {unknown}
 l - a potion of ambrosia {unknown}
 n - a potion of degeneration {unknown}
 p - a potion of mutation {unknown}
 r - 2 potions of invisibility {unknown}
 t - a potion of heal wounds {unknown}
 x - a potion of magic {unknown}
 z - 2 potions of brilliance {unknown}


   Skills:
 * Level 4.4(9.4) Fighting
 + Level 2.4(7.4) Maces & Flails
 * Level 4.3(9.3) Dodging
 * Level 4.4(9.4) Shields
 * Level 5.0(10.0) Unarmed Combat


You had 7 spell levels left.
You didn't know any spells.
Your spell library contained the following spells:

 Spells                   Type           Power      Damage    Failure   Level
 Dazzling Flash           Conj/Hex       0%         N/A       96%         3
 Iskenderun's Mystic Bla  Conj/Tloc      0%         2d3       100%        4
 Freezing Cloud           Conj/Ice/Air   0%         6-21      100%        5
 Starburst                Conj/Fire      0%         6d3       100%        6
 Polar Vortex             Ice            0%         N/A       100%        9
 Simulacrum               Ice/Necr       Unusable   N/A       N/A         6

Dungeon Overview and Level Annotations

Branches:
Dungeon (5/15)              Sewer (visited)
 Temple: D:4-7

Altars:
Ashenzari
Okawaru
Qazlal
Trog
Uskayaw
Yredelemnul

Shops:
D:1 ?   D:4 [


Innate Abilities, Weirdness & Mutations

You are too large for most types of armour.
You have claws for hands.
Your natural rate of healing is unusually fast.
You are covered in fur. (AC +1)
You have tough skin. (AC +1)


Message History

The gnoll hits you with a +0 club.
The orc hits you from afar with a +0 trident.
You closely miss the gnoll. The gnoll hits you but does no damage.
The gnoll barely misses you. The orc hits you but does no damage.
The ogre hits you with a +0 giant spiked club!!
* * * LOW HITPOINT WARNING * * *
You feel very mighty all of a sudden. You block the gnoll's attack.
The gnoll hits you with a +0 club.
* * * LOW HITPOINT WARNING * * *
The orc closely misses you.
You mangle the gnoll!!
You kill the gnoll!
Okawaru accepts your kill. You block the ogre's attack.
The gnoll barely misses you. You block the orc's attack.
You have reached level 8!
You gain the combat prowess of a mighty hero.
You block the gnoll's attack. You block the orc's attack.
The ogre barely misses you.
You closely miss the ogre. You block the gnoll's attack.
The orc hits you from afar with a +0 trident.
* * * LOW HITPOINT WARNING * * *
You claw the ogre!
The ogre is moderately wounded.
The gnoll hits you from afar with a +0 spear.
* * * LOW HITPOINT WARNING * * *
The orc hits you from afar with a +0 trident.
* * * LOW HITPOINT WARNING * * *
The ogre barely misses you.
You mangle the ogre!!
You kill the ogre!
Okawaru accepts your kill.
A gnoll comes into view. It is wielding a +0 whip.
The gnoll hits you but does no damage. You block the orc's attack.
Your base Unarmed Combat skill increases to level 5!
You mangle the orc!!
You kill the orc!
Okawaru accepts your kill.
The orc hits you from afar with a +0 trident!
You die...

....P.. ....!. ≈≈≈≈
≈≈≈ ##### #...#
################...#
.....)....'...o#)###
###########..oo)@#
..8#......#..gg###
...'.)8#..##')##.#
...'.o8#..g.....[#
...#..o......)...#
...#########')##.#
...#....#.#....###
...###.##.#......#
...#......†....#)###


You could see 3 gnolls and 3 orcs.

Vanquished Creatures
  Pargi (Sewer)
  An ice beast (D:5)
  An ogre (D:5)
  A necrophage (D:5)
  A scorpion (D:4)
  2 howler monkeys
  An orc priest (D:5)
  4 hounds
  A gnoll shaman (D:5)
  Jessica (D:2)
  Terence (D:2)
  3 iguanas
  2 orc wizards (D:5)
  Robin (D:2)
  11 gnolls
  4 adders
  A worm (D:2)
  A dart slug (D:3)
  13 orcs
  5 ball pythons
  10 bats
  3 endoplasms
  5 giant cockroaches
  8 goblins
  8 hobgoblins
  12 jackals
  2 quokkas (D:2)
  3 frilled lizards
  3 kobolds
  3 rats
113 creatures vanquished.

Vanquished Creatures (others)
  A plant (D:5)
1 creature vanquished.

Grand Total: 114 creatures vanquished

Notes
Turn   | Place    | Note
-------+----------+-------------------------------------------
     0 | D:1      | sammy202020 the Troll Fighter began the quest for the Orb.
     0 | D:1      | Reached XP level 1. HP: 22/22 MP: 0/0
   278 | D:1      | Found Vudulapt's Magic Scroll Shop.
   401 | D:1      | Found a faded altar of an unknown god.
   415 | D:1      | Reached XP level 2. HP: 19/29 MP: 1/1
  1029 | D:2      | Noticed Jessica
  1038 | D:2      | Killed Jessica
  1039 | D:2      | Reached XP level 3. HP: 36/36 MP: 2/2
  1226 | D:2      | Noticed Robin
  1236 | D:2      | Killed Robin
  1239 | D:2      | Reached XP level 4. HP: 44/44 MP: 3/3
  1508 | D:2      | Noticed Terence
  1527 | D:2      | Killed Terence
  1528 | D:2      | Reached skill level 3 in Unarmed Combat
  1728 | D:3      | Found a glowing drain.
  1737 | Sewer    | Entered a sewer
  1782 | Sewer    | Identified the +0 pair of boots "Icvar" {Contam rPois rF-
                  | rC+++ Slay+6}
  1813 | Sewer    | Noticed Pargi
  1822 | Sewer    | Killed Pargi
  1823 | Sewer    | Reached skill level 1 in Maces & Flails
  1823 | Sewer    | Reached XP level 5. HP: 42/53 MP: 4/4
  2196 | D:3      | Found a basalt altar of Yredelemnul.
  2207 | D:3      | Found a stormy altar of Qazlal.
  2364 | D:4      | Found an iron altar of Okawaru.
  2373 | D:4      | Reached XP level 6. HP: 60/61 MP: 5/5
  2400 | D:4      | Became a worshipper of Warmaster Okawaru
  2490 | D:4      | Reached skill level 4 in Unarmed Combat
  2600 | D:4      | Found Keimn's Armour Boutique.
  2610 | D:4      | Bought a +0 cloak for 45 gold pieces
  2647 | D:4      | Found a broken altar of Ashenzari.
  2897 | D:5      | Entered Level 5 of the Dungeon
  2897 | D:5      | Noticed an ice beast
  2914 | D:5      | Killed an ice beast
  2915 | D:5      | Reached XP level 7. HP: 38/68 MP: 6/6
  2921 | D:5      | Reached * piety under Okawaru
  2976 | D:5      | Found a hide-covered altar of Uskayaw.
  3019 | D:5      | Found a bloodstained altar of Trog.
  3416 | D:5      | Reached XP level 8. HP: 17/79 MP: 7/7
  3420 | D:5      | Reached skill level 5 in Unarmed Combat
  3420 | D:5      | Slain by an orc

Illustrated notes

Levels and vault maps discovered:
D:1:      ncdulo_smallfort, layout_basic, serial_shops, shop,
          hellmonk_ecumenical_altar_dog_temple, minmay_pentomino_o2
D:2:      layout_loops_ring, supply_closet_lemuel, uniq_jessica, uniq_robin,
          uniq_terence
D:3:      layout_rooms, lemuel_round_altar, nicolae_qazlal_eye_of_the_storm,
          cheibrodos_sewer_entry_drain
D:4:      layout_cave_pools, lemuel_crystal_altar, okawaru_metal_pillars_3,
          serial_shops, shop_fountains
D:5:      lemuel_castle_with_subvaults [lemuel_castle_interior_carwin_2],
          layout_loops_ring, mainiacjoe_overflow_small_starburst,
          trog_hazing_becter, mainiacjoe_overflow_boulevard,
          minmay_temple_entry_trees

Skill      XL: |  1  2  3  4  5  6  7  8 |
---------------+-------------------------+-----
Fighting       | 3 4 |  4.4
Unarmed Combat | 3 4 5 |  5.0
Shields        | 3 4 |  4.4
Maces & Flails | 1 2 |  2.4
Dodging        | 3 4 |  4.3

Action                   |  1- 3 |  4- 6 |  7- 9 || total
-------------------------+-------+-------+-------++-------
Melee: Unarmed           |    73 |   156 |   141 ||   370
Invok: Heroism           |       |       |     2 ||     2
  Use: Scroll            |       |     7 |       ||     7
       Potion            |       |     2 |     1 ||     3
 Stab: Sleeping          |       |     1 |       ||     1
Armor: Robe              |    28 |    40 |    42 ||   110
Dodge: Dodged            |    35 |    88 |    50 ||   173
Block: Kite shield       |    30 |    63 |    59 ||   152

Table legend: (Time is in decaauts)
 A = Elapsed time spent in this place.
 B = Non-inter-level travel time spent in this place.
 C = Inter-level travel time spent in this place.
 D = Time resting spent in this place.
 E = Time spent auto-exploring this place.
 F = Levels seen in this place.
 G = Mean time per level.
                   A        B        C        D        E       F      G
               +--------+--------+--------+--------+--------+-----+--------+
         Total |   3426 |   3388 |     38 |      0 |   2254 |   6 |  571.0 |
       Dungeon |   3234 |   3196 |     38 |      0 |   2146 |   5 |  646.8 |
         Sewer |    191 |    191 |      0 |      0 |    108 |   1 |  191.0 |
               +--------+--------+--------+--------+--------+-----+--------+

Top non-repeatable levels by time:
     D:1: 916 daAuts
     D:2: 821 daAuts
     D:4: 535 daAuts
     D:5: 509 daAuts
     D:3: 451 daAuts
   Sewer: 191 daAuts
